 Dungeon Crawl Stone Soup version 0.19.5 (webtiles) character file.

71 tidbits the Skirmisher (level 4, 0/51 HPs)
             Began as a High Elf Wanderer on Nov 8, 2017.
             Slain by an iguana (12 damage)
             ... on level 4 of the Dungeon.
             The game lasted 00:05:39 (784 turns).

tidbits the Skirmisher (High Elf Wanderer)           Turns: 784, Time: 00:05:40

Health: 0/51       AC:  2    Str: 19    XL:     4   Next: 5%
Magic:  5/5        EV: 12    Int: 17    God:
Gold:   109        SH:  0    Dex: 13    Spells: 0 memorised, 3 levels left

rFire  . . .     SeeInvis .     b - +0 hand crossbow
rCold  . . .     Gourm    .     e - +0 robe
rNeg   . . .     Faith    .     (no shield)
rPois  .         Spirit   .     (no helmet)
rElec  .         Reflect  .     (no cloak)
rCorr  .         Harm     .     (no gloves)
MR     .....     Clarity  +     (no boots)
Stlth  .......... Rnd*Tele +    (no amulet)
                                (no ring)
                                (no ring)

@: berserking, flying, very quick
A: clarity, strong 1, teleportitis 1
a: no special abilities


You were on level 4 of the Dungeon.
You were not hungry.

You visited 1 branch of the dungeon, and saw 4 of its levels.

You collected 109 gold pieces.

Inventory:

Hand Weapons
 a - a +2 short sword
 b - a +0 hand crossbow (weapon)
 c - a +0 falchion
 o - a +0 hunting sling
   (You found it on level 1 of the Dungeon)
 s - a +0 dagger
   (You took it off a kobold on level 2 of the Dungeon)
 v - a +0 blowgun
   (You took it off a kobold on level 3 of the Dungeon)
Missiles
 d - 7 bolts (quivered)
 h - 20 arrows
 i - 8 javelins
 m - 47 stones
 p - 12 sling bullets
 w - 11 poisoned needles
Armour
 e - a +0 robe (worn)
Scrolls
 k - 3 scrolls of remove curse {unknown}
 l - a scroll of teleportation {unknown}
 n - a scroll of identify {unknown}
 q - a scroll of enchant armour {unknown}
 u - a scroll of magic mapping {unknown}
Potions
 j - a potion of mutation {!q}
 t - a potion of flight
 x - 2 potions of might {unknown}
 B - a potion of haste {unknown}
 C - a potion of magic {unknown}
Comestibles
 f - 3 bread rations
 g - 3 beef jerkies
 z - a meat ration
 A - 5 fruits


   Skills:
 + Level 4.3 Fighting
 - Level 2.4 Short Blades
 - Level 1.0 Crossbows
 - Level 1.0 Throwing
 - Level 1.7 Armour
 - Level 1.1 Dodging
   Level 1.0 Shields


You had 3 spell levels left.
You didn't know any spells.

Dungeon Overview and Level Annotations

Branches:
Dungeon (4/15)
 Temple: D:4-7

Altars:
Qazlal
Trog
Yredelemnul


Innate Abilities, Weirdness & Mutations

You possess an exceptional clarity of mind.
Your muscles are strong. (Str +2)
You are occasionally teleported next to monsters.


Message History

a - a +2 short sword (weapon)
You hit the giant cockroach but do no damage.
The giant cockroach misses you.
You hit the giant cockroach.
The giant cockroach is almost dead.
The giant cockroach bites you.
The giant cockroach bites you but does no damage.
You closely miss the giant cockroach.
The giant cockroach is almost dead.
The giant cockroach misses you.
You closely miss the giant cockroach.
The giant cockroach is almost dead.
The giant cockroach bites you.
You puncture the giant cockroach!
You kill the giant cockroach!
The rat barely misses you.
You hit the rat.
You kill the rat!
Things that are here:
a giant cockroach corpse; a leopard gecko corpse
Things that are here:
a club; a hobgoblin corpse You see here a bolt.
d - 7 bolts (gained 1)
You see here a bolt.
d - 8 bolts (gained 1)
There is an escape hatch in the ceiling here.
You see here 8 gold pieces.
You now have 109 gold pieces (gained 8).
There is a stone staircase leading down here.
You climb downwards.
There is a stone staircase leading up here.
You see here a hound corpse.
b - a +0 hand crossbow (weapon)
You see here a bolt.
d - 9 bolts (gained 1)
You see here a bolt.
d - 10 bolts (gained 1)
You see here 5 fruits.
A - 5 fruits
Found a stone staircase leading up.
Found a grey potion.
There is a stone staircase leading up here.
You climb upwards.
A goblin comes into view. It is wielding a dagger.
Found a hunting sling and a golden potion.
Found an escape hatch in the floor.
There is a stone staircase leading down here.
Firing (i - inventory. (,) - cycle):
d - 10 bolts (quivered)
Press: ? - help, Shift-Dir - straight line, f - goblin
Aim: a goblin, wielding a dagger (resting)
You shoot a bolt. The bolt hits the goblin!
You kill the goblin!
You see here a golden potion.
j - 2 golden potions (gained 1)
Things that are here:
a bolt; a dagger; a goblin corpse
d - 10 bolts (gained 1)
There is a stone staircase leading down here.
You climb downwards.
There is a stone staircase leading up here.
Found a metallic pink potion.
You see here a grey potion.
B - a grey potion
Found a bread ration.
You see here a metallic pink potion.
C - a metallic pink potion
Found a stone staircase leading down.
You see here a bread ration.
f - 3 bread rations (gained 1)
An iguana comes into view.
The iguana hisses angrily.
Firing (i - inventory. (,) - cycle):
d - 10 bolts (quivered)
Press: ? - help, Shift-Dir - straight line, f - iguana
Aim: an iguana You shoot a bolt.
The bolt barely misses the iguana.
The iguana closely misses you.
Firing (i - inventory. (,) - cycle):
d - 9 bolts (quivered)
Press: ? - help, Shift-Dir - straight line, f/p - iguana
Aim: an iguana You shoot a bolt.
The bolt barely misses the iguana.
The iguana bites you.
Firing (i - inventory. (,) - cycle):
d - 8 bolts (quivered)
Press: ? - help, Shift-Dir - straight line, f/p - iguana
Aim: an iguana You shoot a bolt.
The bolt barely misses the iguana.
The iguana bites you!
* * * LOW HITPOINT WARNING * * *
The iguana bites you.
* * * LOW HITPOINT WARNING * * *
It was a potion of mutation.
You feel extremely strange.
You feel stronger.
Your thoughts seem clearer.
You feel weirdly uncertain. The iguana misses you.
It was a potion of flight.
You feel very buoyant.
You fly up into the air.
The iguana bites you but does no damage.
It was a potion of berserk rage.
A red film seems to cover your vision as you go berserk!
You feel yourself moving faster!
You feel mighty! The iguana bites you!
You die...

####..............#..
##..................
...........#..##.#.
.........###.....#
.........###...###
.........##.....#
.........#...##.#
..#...........#.####.#
<.#......#......@l...#
............###...(....#
.......#..........>.....
.......##..#######..####
........ .. ..#
......... .## .......# #
.......#


You could see an iguana.

Vanquished Creatures
  A hound (D:4)
  An ooze (D:3)
  2 dart slugs (D:1)
  4 leopard geckos
  2 giant cockroaches
  2 goblins
  3 hobgoblins
  2 jackals (D:1)
  2 bats (D:1)
  A frilled lizard (D:1)
  8 kobolds
  2 rats
30 creatures vanquished.

Notes
Turn   | Place    | Note
-------+----------+-------------------------------------------
     0 | D:1      | tidbits the High Elf Wanderer began the quest for the Orb.
     0 | D:1      | tidbits set off with: a +2 short sword, a +0 falchion, a +0 hand crossbow, 22 bolts, a +0 robe, a bread ration
     0 | D:1      | Reached XP level 1. HP: 14/14 MP: 2/2
   267 | D:1      | Reached XP level 2. HP: 18/20 MP: 3/3
   293 | D:1      | Reached skill level 3 in Fighting
   450 | D:2      | Found a bloodstained altar of Trog.
   520 | D:2      | Found a basalt altar of Yredelemnul.
   602 | D:3      | Reached XP level 3. HP: 22/26 MP: 4/4
   620 | D:3      | Found a stormy altar of Qazlal.
   688 | D:4      | Reached skill level 4 in Fighting
   695 | D:3      | Reached XP level 4. HP: 22/33 MP: 5/5
   782 | D:4      | Gained mutation: Your muscles are strong. (Str +2) [potion of mutation]
   782 | D:4      | Gained mutation: You possess an exceptional clarity of mind. [potion of mutation]
   782 | D:4      | Gained mutation: You are occasionally teleported next to monsters. [potion of mutation]
   784 | D:4      | Slain by an iguana

Skill      XL: |  1  2  3 |
---------------+----------+-----
Fighting       | 3 4 |  4.3
Short Blades   | |  2.4
Crossbows      | |  1.0
Throwing       | |  1.0
Armour         | |  1.7
Dodging        | |  1.1
Shields        | |  1.0

Action                   |  1- 3 |  4- 6 || total
-------------------------+-------+-------++-------
Melee: Short sword       |       |     6 ||     6
 Fire: Hand crossbow     |    63 |     5 ||    68
  Use: Potion            |       |     3 ||     3
Armor: Robe              |     8 |     2 ||    10
Dodge: Dodged            |    22 |     5 ||    27

Table legend:
 A = Turns spent in this place as a percentage of turns spent in the entire game.
 B = Non-inter-level travel turns spent in this place as a percentage of non-inter-level travel turns spent in the entire game.
 C = Inter-level travel turns spent in this place as a percentage of turns spent in this place.
 D = Turns resting spent in this place as a percentage of non-inter-level travel turns spent in this place.
 E = Turns spent auto-exploring this place as a percentage of non-inter-level travel turns spent in this place.
 F = Non-inter-level travel turns spent in this place divided by the number of levels of this place that you've seen.
                   A       B       C       D       E      F
               +-------+-------+-------+-------+-------+----------------------
         Total | 100.0 | 100.0 |   0.2 |   0.0 |   0.0 | 154.2
       Dungeon | 100.0 | 100.0 |   0.2 |   0.0 |   0.0 | 154.2
               +-------+-------+-------+-------+-------+----------------------

Table legend:
 A = Kills in this place as a percentage of kills in entire the game.
 B = Kills by you in this place as a percentage of kills by you in the entire game.
 C = Kills by friends in this place as a percentage of kills by friends in the entire game.
 D = Other kills in this place as a percentage of other kills in the entire game.
 E = Experience gained in this place as a percentage of experience gained in the entire game.
 F = Experience gained in this place divided by the number of levels of this place that you have seen.
                   A       B       C       D       E      F
               +-------+-------+-------+-------+-------+----------------------
         Total | 100.0 | 100.0 |  -nan |  -nan | 100.0 |  25.5
       Dungeon | 100.0 | 100.0 |  -nan |  -nan | 100.0 |  25.5
               +-------+-------+-------+-------+-------+----------------------

Vault maps used:
D:1:      minmay_arrival_pointy
D:2:      overflow_temple_1_default, first_bread, hangedman_feature_mirror,
          yredelemnul_altar_generic
D:3:      nicolae_qazlal_general_emergency
D:4:      uniq_blork_the_orc
